cohdb
Replays
Latest Replays
All Replays
Popular Replays
Top Player Replays
Match Explorer
How It Works
Community
CoH3 Stats
Reddit
Sign in to upload your games and track your stats! →
Sign in with Steam
Match 42518281
Unlisted
Match 42518281
Overview
Messages
Build Orders
End
Royal Engineer Section
Construct Section Command Post
Dingo Light Scout Car
Selects Canadian Shock Battlegroup
Infantry Section
Selects Attacking Spirit
Selects Canadian Shock Section
Canadian Shock Section
Construct Platoon Command Post
Humber Armored Car
Construct Field Infirmary
6-pounder Anti-tank Gun Team
Selects Incendiary Munitions
Grenade Package
Canadian Shock Section
Selects Pyrotechnics
Infantry Training
Construct Company Command Post
6-pounder Anti-tank Gun Team
Selects Demolition Engineering
Construct Company Command Post
Crusader II Medium Tank
Unlock M3 Grant Medium Tanks
Selects Point Assault
Foot Guards Section
M3 Grant Medium Tank
CamaradeOurs
Alfonso
0
0
Comments
sign in to comment!
No comments posted yet!